 Dungeon Crawl Stone Soup version 0.24-a0-639-gb70a11d811 (webtiles) character file.

Game seed: 7212042350973801726, levelgen mode: deterministic

84 Johnny the Digger (level 4, 0/35 HPs)
             Began as a Demigod Earth Elementalist on Sept 21, 2019.
             Slain by a scorpion (6 damage)
             ... on level 2 of the Dungeon.
             The game lasted 00:02:56 (2162 turns).

Johnny the Digger (Demigod Earth Elementalist)      Turns: 2162, Time: 00:02:57

Health: 0/35       AC:  2    Str: 11    XL:     4   Next: 3%
Magic:  1/11       EV: 12    Int: 21    God:
Gold:   94         SH:  0    Dex: 16    Spells: 4/8 levels left

rFire    . . .     SeeInvis .   b - +0 club
rCold    . . .     Gourm    .   (no shield)
rNeg     . . .     Faith    .   c - +0 robe
rPois    .         Spirit   .   (no helmet)
rElec    .         Reflect  .   (no cloak)
rCorr    .         Harm     .   (no gloves)
MR       .....                  (no boots)
Stlth    ++........             i - amulet of rage
HPRegen  0.11/turn              (no ring)
MPRegen  0.12/turn              (no ring)

@: very slightly contaminated, hasted, very quick
A: high mp 1
a: Evoke Berserk Rage


You were on level 2 of the Dungeon.
You were hungry.

You visited 1 branch of the dungeon, and saw 2 of its levels.

You collected 94 gold pieces.

Inventory:

Hand Weapons
 b - a +0 club (weapon)
Armour
 c - a +0 robe (worn)
Jewellery
 i - an amulet of rage (around neck)
Scrolls
 f - 2 scrolls of identify {unknown}
 k - a scroll of fog {unknown}
 l - 2 scrolls of remove curse {unknown}
Potions
 a - a potion of curing
 e - a potion of lignification {unknown}
 j - a potion of flight {unknown}
 m - a potion of might {unknown}
Comestibles
 d - 2 rations


   Skills:
 + Level 1.2 Fighting
 - Level 1.7 Dodging
 - Level 1.7 Stealth
 * Level 2.8 Spellcasting
   Level 0.8 Transmutations
 * Level 3.5 Earth Magic


You had 4 spell levels left.
You knew the following spells:

 Your Spells              Type           Power        Failure   Level  Hunger
a - Sandblast             Erth           ###...       3%          1    None
b - Stone Arrow           Conj/Erth      ##....       21%         3    ###....

Your spell library contained the following spells:

 Spells                   Type           Power        Failure   Level  Hunger
 Passwall                 Tmut/Erth      ##......     9%          2    ##.....
 Petrify                  Tmut/Erth      ##......     47%         4    ####...
 Lee's Rapid Deconstruct  Erth           ###.......   65%         5    ######.


Dungeon Overview and Level Annotations

Branches:
Dungeon (2/15)


Innate Abilities, Weirdness & Mutations

You have an increased reservoir of magic. (+10% MP)


Message History

You closely miss the scorpion.
The scorpion is heavily wounded.
The scorpion completely misses you.
You hit the scorpion but do no damage.
The scorpion is heavily wounded.
The scorpion stings you.
* * * LOW HITPOINT WARNING * * *
You hit the scorpion but do no damage.
The scorpion is heavily wounded.
The scorpion closely misses you. The scorpion barely misses you.
You feel yourself speed up. The scorpion closely misses you.
You hit the scorpion but do no damage.
The scorpion is heavily wounded.
You hit the scorpion.
The scorpion is severely wounded.
The scorpion closely misses you.
You hit the scorpion but do no damage.
The scorpion is severely wounded.
The scorpion stings you.
You die...

#.# #.# #.#
#######.#### #.#
#.)........# #.#
#.#####.##.#
#.###...###.##.##
#.#.......#......
#.#.....<.#>#####
####.#.......#.#
#..@s..# #...#
#.####.# #.#.# #
#.#####.#.#
#.......#<#####
##...........).
###.####.#####
#.# #.#
##.####.#####
#............


You could see a scorpion.

Vanquished Creatures
  4 adders (D:2)
  An ooze (D:2)
  A dart slug (D:1)
  6 giant cockroaches
  A goblin (D:2)
  8 hobgoblins
  7 kobolds
  5 bats
  2 frilled lizards
  6 rats
41 creatures vanquished.

Notes
Turn   | Place    | Note
-------+----------+-------------------------------------------
     0 | D:1      | Johnny the Demigod Earth Elementalist began the quest for
                  | the Orb.
     0 | D:1      | Reached XP level 1. HP: 14/14 MP: 5/5
   544 | D:1      | Reached XP level 2. HP: 22/22 MP: 5/7
   548 | D:1      | Reached skill level 3 in Earth Magic
   989 | D:2      | Found a faded altar of an unknown god.
  1004 | D:2      | Reached skill level 1 in Fighting
  1004 | D:2      | Reached XP level 3. HP: 18/28 MP: 1/9
  1634 | D:2      | Learned a level 3 spell: Stone Arrow
  1815 | D:2      | Reached XP level 4. HP: 21/35 MP: 4/11
  2162 | D:2      | Slain by a scorpion

Levels and vault maps discovered:
D:1:      noname_arrival_rooms_in_the_neighbourhood, layout_basic,
          serial_park_tiny_2
D:2:      layout_loops_ring, chequers_ecumenical_altar_island, first_ration,
          st_stairs_12

Skill      XL: |  1  2 |
---------------+-------+-----
Spellcasting   | 2 |  2.8
Earth Magic    | 3 |  3.5
Fighting       | 1 |  1.2
Dodging        | |  1.7
Stealth        | |  1.7
Transmutations | |  0.8

Action                   |  1- 3 |  4- 6 || total
-------------------------+-------+-------++-------
Melee: Unarmed           |    53 |       ||    53
       Club              |    25 |    18 ||    43
 Cast: Sandblast         |    40 |     3 ||    43
       Stone Arrow       |     2 |     1 ||     3
  Use: Potion            |     1 |     2 ||     3
  Eat: Chunk             |     3 |     1 ||     4
Armor: Robe              |    20 |     2 ||    22
Dodge: Dodged            |    75 |    13 ||    88

Table legend:
 A = Non-vault XP
 B = Vault XP
 C = Vault XP percentage of total XP
 D = Non-vault monster count
 E = Vault monster count
 F = Vault count percentage of total count
                 A         B        C        D         E       F
            +---------+---------+-------+---------+---------+-------
      Total |     119 |       1 |   0.8 |      40 |       1 |   2.4
            +---------+---------+-------+---------+---------+-------
        D:1 |      39 |       0 |   0.0 |      21 |       0 |   0.0
        D:2 |      80 |       1 |   1.2 |      19 |       1 |   5.0
            +---------+---------+-------+---------+---------+-------
